 Dungeon Crawl Stone Soup version 0.31-a0-840-g6d2ecbb638 (webtiles) character file.

Game seed: 15247926671476835845

68026 Essalna the Warrior (level 15, 0/107 HPs)
             Began as a Gargoyle Earth Elementalist on Sept 27, 2023.
             Was an Elder of Vehumet.
             Slain by a very large slime creature (31 damage)
             ... on level 12 of the Dungeon.
             The game lasted 00:52:40 (24187 turns).

Essalna the Warrior (Gargoyle Earth Elementalist)  Turns: 24187, Time: 00:52:41

Health: 0/107      AC: 33    Str: 19    XL:     15   Next: 25%
Magic:  4/35       EV: 11    Int: 31    God:    Vehumet [****..]
Gold:   2312       SH:  4    Dex: 10    Spells: 8/28 levels left

rFire   + + .        I - +4 falchion of the Skies Above {flame, rC+ Int+4 Stlth+}
rCold   + + .        p - +0 buckler
rNeg    + + .        R - +5 scale mail of Articulation {rC+}
rPois   ∞            l - +3 hat of Pondering {ponderous, Will+ MP+10 Int+5}
rElec   +            P - +2 cloak {Will+}
rCorr   .            v - +0 pair of gloves
SInv    .            o - +1 pair of boots
Will    +++..        (no amulet)
Stlth   +            i - ring of protection from fire
HPRegen 0.37/turn    M - ring of Wozet {rF+ rN+ Str+6}
MPRegen 0.24/turn

%: no passive effects
@: about to teleport, flying, slow
A: sickness immunity, AC +11, big wings, negative energy resistance 1,
electricity resistance, torment resistance 1, petrification resistance
a: Renounce Religion


You were on level 12 of the Dungeon.
You worshipped Vehumet.
Vehumet was greatly pleased with you.
You visited 3 branches of the dungeon, and saw 18 of its levels.
You also visited: Gauntlet.

You collected 2354 gold pieces.
You spent 42 gold pieces at shops.

Inventory:

Hand Weapons
 k - a +2 hand axe of freezing
 I - the +4 falchion of the Skies Above (weapon) {flame, rC+ Int+4 Stlth+}
   (You found it on level 5 of the Lair of Beasts)

   Int+4:     It affects your intelligence (+4).
   rC+:       It protects you from cold.
   Stlth+:    It makes you more stealthy.
Missiles
 C - 3 throwing nets
Armour
 g - a +3 leather armour
 l - the +3 hat of Pondering (worn) {ponderous, Will+ MP+10 Int+5}
   (You found it on level 2 of the Dungeon)

   Int+5:     It affects your intelligence (+5).
   Will+:     It increases your willpower.
   MP+10:     It affects your magic capacity (+10).
 o - a +1 pair of boots (worn)
 p - a +0 buckler (worn)
 v - a +0 pair of gloves (worn)
 P - a +2 cloak of willpower (worn)
 R - the +5 scale mail of Articulation (worn) {rC+}
   (You found it in a Gauntlet)

   rC+:       It protects you from cold.
Jewellery
 d - a ring of wizardry
 i - a ring of protection from fire (left hand)
 m - a ring of fire
 M - the ring of Wozet (right hand) {rF+ rN+ Str+6}
   (You found it in a Gauntlet)

   [ring of strength]

   Str+6:     It affects your strength (+6).
   rF+:       It protects you from fire.
   rN+:       It protects you from negative energy.
 Q - an amulet of regeneration
Wands
 h - a wand of polymorph (20)
 x - a wand of digging (6)
 F - a wand of mindburst (7)
 G - a wand of acid (5)
Scrolls
 f - 5 scrolls of vulnerability
 t - 2 scrolls of brand weapon
 u - 5 scrolls of teleportation
 w - 2 scrolls of enchant armour
 y - a scroll of enchant weapon
 z - 2 scrolls of revelation
 A - 6 scrolls of blinking
 B - a scroll of torment {unknown}
 D - 17 scrolls of identify
 H - a scroll of noise {unknown}
 J - 2 scrolls of poison {unknown}
 K - a scroll of silence {unknown}
 N - a scroll of fog
Potions
 a - a potion of degeneration {unknown}
 b - a potion of magic
 c - 2 potions of resistance {unknown}
 e - 5 potions of curing
 j - 3 potions of berserk rage
 n - 2 potions of enlightenment
 q - 7 potions of mutation
 r - 3 potions of might
 s - 2 potions of haste {unknown}
 E - 2 potions of heal wounds {unknown}
 L - a potion of brilliance {unknown}
Miscellaneous
 O - a lightning rod (4/4)


   Skills:
 + Level 17.2 Fighting
 + Level 5.1 Armour
 - Level 5.2 Dodging
 - Level 2.1 Stealth
 - Level 4.0 Shields
 - Level 7.0 Spellcasting
 - Level 13.0 Conjurations
 - Level 1.0 Transmutations
 + Level 2.1 Fire Magic
 - Level 4.0 Ice Magic
 - Level 4.0 Air Magic
 - Level 15.1 Earth Magic


You had 8 spell levels left.
You knew the following spells:

 Your Spells              Type           Power      Damage    Failure   Level
a - Sandblast             Erth           100%       2d20      1%          1
b - Stone Arrow           Conj/Erth      100%       3d13      1%          3
c - Bombard               Conj/Erth      39%        9d7       2%          6
d - Freezing Cloud        Conj/Ice/Air   26%        6-21      7%          5
e - Fireball              Conj/Fire      27%        3d12      5%          5

Your spell library contained the following spells:

 Spells                   Type           Power      Damage    Failure   Level
 Kiss of Death            Conj/Necr      100%       2d13      1%          1
 Shock                    Conj/Air       100%       1d9       1%          1
 Passwall                 Tmut/Erth      47%        N/A       1%          2
 Brom's Barrelling Bould  Conj/Erth      78%        2d9       1%          4
 Lee's Rapid Deconstruct  Erth           40%        3d20*     1%          5
 Frozen Ramparts          Ice            70%        1d11      2%          3
 Petrify                  Tmut/Erth      57%        N/A       6%          4
 Leda's Liquefaction      Hex/Erth       27%        N/A       7%          4
 Inner Flame              Hex/Fire       17%        N/A       9%          3
 Swiftness                Air            35%        N/A       9%          3
 Airstrike                Air            17%        2d(3-19)  9%          4
 Ensorcelled Hibernation  Hex/Ice        46%        N/A       11%         2
 Confusing Touch          Hex            10%        N/A       43%         3
 Yara's Violent Unravell  Hex/Tmut       6%         3d5       63%         5
 Dispel Undead            Necr           10%        3d9       83%         4
 Metabolic Englaciation   Hex/Ice        11%        N/A       88%         5
 Death Channel            Necr           5%         N/A       100%        6
 Enfeeble                 Hex            5%         N/A       100%        7
 Cigotuvi's Dreadful Rot  Necr/Pois/Air  Unusable   N/A       N/A         2

Dungeon Overview and Level Annotations

Branches:
Dungeon (12/15)            Temple (1/1) D:7            Lair (5/5) D:8
 Shoals (0/4) Lair:3        Snake (0/4) Lair:3        Slime (0/5) Lair:5
Gauntlet (visited)
    Orc: D:9-12

Altars:
Ashenzari
Cheibriados
Dithmenos
Elyvilon
Fedhas
Gozag
Hepliaklqana
Kikubaaqudgha
Makhleb
Nemelex Xobeh
Okawaru
Qazlal
Ru
Sif Muna
Trog
Uskayaw
Vehumet
Wu Jian
Xom
Yredelemnul
Zin
The Shining One
Jiyva

Shops:
D:5 ?(

Annotations:
D:4 3 runed translucent doors, vaaraton's ghost, amateur DECj
Lair:4 3 runed translucent doors, CrazyBamboolord's ghost, journeyman TrSh; schaIuck's ghost, journeyman GrEE


Innate Abilities, Weirdness & Mutations

You are immune to sickness and miasma.
Your stone body is resilient. (AC +11)
You are immune to poison.
Your large and strong wings let you fly.
You resist negative energy. (rN+)
You are resistant to electric shocks. (rElec)
You are resistant to unholy torment.
You are immune to petrification.


Message History

Two slime creatures merge to form a large slime creature.
The stone arrow hits the large slime creature!!
The large slime creature is heavily wounded.
The stone arrow hits the large slime creature!!
The large slime creature is severely wounded.
The large slime creature hits you but does no damage.
You don't have enough magic to cast this spell.
You don't have enough magic to cast this spell.
You don't have enough magic to cast this spell.
You don't have enough magic to cast this spell.
Casting: Stone Arrow (safe; 1% risk of failure)
Confirm with . or Enter, or press ? or * to list all spells.
Aiming: Sandblast (safe; 1% risk of failure)
Press: ? - help, Shift-Dir - straight line, f/p - large slime creature
Aim: a large slime creature (severely wounded, 97% to hit)
The blast of sand hits the large slime creature!
The large slime creature is almost dead.
The large slime creature hits you but does no damage.
Two slime creatures merge to form a very large slime creature.
Casting: Sandblast (safe; 1% risk of failure)
Confirm with . or Enter, or press ? or * to list all spells.
Aiming: Sandblast (safe; 1% risk of failure)
Press: ? - help, Shift-Dir - straight line, f/p - very large slime creature
Aim: a very large slime creature (severely wounded, 97% to hit)
The blast of sand hits the very large slime creature!!
The very large slime creature is severely wounded.
The very large slime creature hits you!
The very large slime creature attacks as it pursues you!
The very large slime creature hits you but does no damage.
There is a stone staircase leading up here.
The very large slime creature attacks as it pursues you!
You block the very large slime creature's attack.
The very large slime creature attacks as it pursues you!
The very large slime creature hits you!!!
The very large slime creature hits you!!
* * * LOW HITPOINT WARNING * * *
As you read the scroll of teleportation, it crumbles to dust.
You feel strangely unstable.
The very large slime creature hits you!!
You die...

#........######............
#..###.....## ########.....
##.###......### ##....
#Jl.....#.l..##### ##...
......l..####...J...D..#
#### ........##
##.###.....## ........#
####..####.#[.# .........
#..........##.# #....#...
###@#######.# #..#..... #J#
#####.# ..........
#.###...<.##
#.##............
#...............
#....................
...#..#..............
##...................
...##.##...........$.


You could see a very large slime creature.

Vanquished Creatures
  Gastronok (Lair:2)
  A dire elephant (Lair:4)
  A minotaur (Gauntlet)
  Josephine (Lair:5)
  2 hydras
  2 boulder beetles
  2 catoblepae (Lair:5)
  4 two-headed ogres
  Urug (Lair:4)
  6 death yaks (Lair:4)
  3 skysharks
  A wretched star (Gauntlet)
  A fire crab (Lair:4)
  2 sixfirhies (Gauntlet)
  A lindwurm (Lair:3)
  A deep elf pyromancer (D:7)
  An oklob plant (Lair:5)
  2 cyclopes
  6 centaur zombies (D:10)
  3 black mambas
  A merfolk siren (Lair:3)
  23 elephants
  Joseph (D:7)
  A gargoyle (D:12)
  12 cane toads
  2 unseen horror zombies (D:10)
  3 rime drakes
  An unseen horror (D:10)
  7 komodo dragons
  3 trolls
  5 hornets
  9 polar bears
  6 blink frogs
  A dream sheep (Lair:5)
  Sigmund (D:5)
  3 ynoxinuls (D:11)
  4 slime creatures
  9 shadows
  13 spriggans (Lair:5)
  A wyvern (D:8)
  8 wraiths
  7 basilisks
  A fire elemental (Lair:3)
  A neqoxec (Gauntlet)
  53 yaks
  4 vampires
  2 steam dragons
  6 vampire mosquitoes (D:12)
  An acid dragon (D:12)
  19 water moccasins
  3 sky beasts (D:7)
  An orc warrior (D:12)
  6 black bears
  3 ice beasts
  An ogre (D:7)
  4 boggarts (Lair:5)
  23 wolves
  3 phantoms
  8 centaurs
  12 bullfrogs
  4 scorpions
  A gnoll sergeant (D:8)
  7 wights
  9 killer bees
  A vampire bat (Lair:1)
  12 electric eels
  7 howler monkeys
  2 orc priests
  3 jellies
  2 hounds (D:6)
  A gnoll bouda (D:7)
  Jessica (D:2)
  A sleepcap (D:6)
  3 orc wizards
  A howler monkey zombie (D:10)
  14 gnolls
  6 adders
  7 ufetubi
  2 dart slugs
  29 orcs
  14 bats
  10 endoplasms
  3 giant cockroaches
  5 goblins
  4 hobgoblins
  6 jackals (D:1)
  4 quokkas
  11 ball pythons
  2 frilled lizards
  4 kobolds
  2 rats (D:1)
492 creatures vanquished.

Notes
Turn   | Place    | Note
-------+----------+-------------------------------------------
     0 | D:1      | Essalna the Gargoyle Earth Elementalist began the quest for
                  | the Orb.
     0 | D:1      | Reached XP level 1. HP: 10/10 MP: 3/3
    86 | D:1      | Reached skill level 1 in Transmutations
   259 | D:1      | Reached XP level 2. HP: 15/15 MP: 3/5
   691 | D:1      | Reached XP level 3. HP: 19/19 MP: 3/6
   978 | D:2      | Noticed Jessica
   982 | D:2      | Killed Jessica
   983 | D:2      | Reached XP level 4. HP: 22/24 MP: 3/8
  1164 | D:2      | Learned a level 3 spell: Stone Arrow
  1348 | D:2      | Found the +3 hat of Pondering {ponderous, Will+ MP+10
                  | Int+5}
  1728 | D:2      | Reached skill level 5 in Earth Magic
  2309 | D:3      | Reached XP level 5. HP: 28/28 MP: 10/10
  2343 | D:3      | Found a faded altar of an unknown god.
  2399 | D:3      | Reached skill level 1 in Fighting
  2507 | D:3      | Reached skill level 1 in Conjurations
  2549 | D:3      | Found a hazy altar of Hepliaklqana.
  2549 | D:3      | Found a broken altar of Ashenzari.
  2729 | D:4      | Found a glowing golden altar of the Shining One.
  2836 | D:4      | Found a runed translucent gate.
  2836 | D:4      | Found a runed translucent gate.
  2836 | D:4      | Found a runed translucent gate.
  2950 | D:4      | Noticed an ice beast
  2962 | D:4      | Noticed vaaraton's ghost (amateur DECj)
  3014 | D:4      | Found a shimmering altar of Xom.
  3063 | D:4      | Noticed a phantom
  3067 | D:4      | Killed a phantom
  3068 | D:4      | Reached skill level 1 in Armour
  3068 | D:4      | Reached XP level 6. HP: 35/35 MP: 11/11
  3097 | D:4      | Reached skill level 2 in Fighting
  3159 | D:4      | Noticed a black bear
  3161 | D:4      | Killed a black bear
  3162 | D:4      | Reached XP level 7. HP: 40/40 MP: 12/12
  3609 | D:5      | Entered Level 5 of the Dungeon
  3773 | D:5      | Noticed Sigmund
  3777 | D:5      | Killed Sigmund
  3778 | D:5      | Reached skill level 3 in Fighting
  3916 | D:5      | Found a blossoming altar of Fedhas.
  3923 | D:5      | Reached XP level 8. HP: 36/46 MP: 9/14
  4173 | D:5      | Found Wowoteps's Magic Scroll Emporium.
  4176 | D:5      | Bought a scroll of teleportation for 42 gold pieces
  4329 | D:5      | Found an ornate altar of the Wu Jian Council.
  4364 | D:5      | Found Kelecepp's Antique Weapon Boutique.
  4608 | D:6      | Identified the +4 sling of Thoughtfulness {heavy, *Corrode
                  | rF+ Str+2 Stlth+}
  4748 | D:6      | Found a sacrificial altar of Ru.
  4873 | D:6      | Found a hide-covered altar of Uskayaw.
  4995 | D:6      | Reached skill level 1 in Shields
  5254 | D:6      | Reached skill level 4 in Fighting
  5830 | D:7      | Found a sparkling altar of Nemelex Xobeh.
  5993 | D:7      | Reached XP level 9. HP: 45/52 MP: 4/15
  6323 | D:7      | Noticed a deep elf pyromancer
  6437 | D:7      | Killed a deep elf pyromancer
  6438 | D:7      | Reached skill level 5 in Fighting
  6438 | D:7      | Reached skill level 5 in Conjurations
  6484 | D:7      | Noticed Joseph
  6490 | D:7      | Killed Joseph
  6598 | D:7      | Noticed a cyclops
  6601 | D:7      | Killed a cyclops
  6602 | D:7      | Reached skill level 6 in Fighting
  6670 | D:7      | Reached XP level 10. HP: 60/60 MP: 16/16
  6705 | D:7      | Found a staircase to the Ecumenical Temple.
  6729 | Temple   | Entered the Ecumenical Temple
  6758 | D:7      | Reached skill level 5 in Dodging
  7485 | D:8      | Reached skill level 7 in Fighting
  7659 | D:8      | Found a staircase to the Lair.
  7883 | D:8      | Found a radiant altar of Vehumet.
  8085 | D:8      | Became a worshipper of Vehumet
  8446 | D:8      | Reached skill level 5 in Spellcasting
  8932 | D:9      | Noticed a boulder beetle
  9057 | D:9      | Reached skill level 10 in Earth Magic
  9081 | D:9      | Found a shadowy altar of Dithmenos.
  9083 | D:9      | Found a snail-covered altar of Cheibriados.
  9391 | D:9      | Reached skill level 8 in Fighting
  9391 | D:9      | Reached XP level 11. HP: 52/68 MP: 19/19
  9470 | D:9      | Reached * piety under Vehumet
  9470 | D:9      | Offered knowledge of Foxfire by Vehumet.
  9563 | D:9      | Killed a boulder beetle
  9761 | D:9      | Found an ancient bone altar of Kikubaaqudgha.
  9919 | D:10     | Entered Level 10 of the Dungeon
 10021 | D:10     | Noticed a two-headed ogre
 10028 | D:10     | Killed a two-headed ogre
 10286 | D:10     | Reached skill level 9 in Fighting
 10499 | D:10     | Noticed a two-headed ogre
 10508 | D:10     | Killed a two-headed ogre
 10750 | D:10     | Noticed a two-headed ogre
 10758 | D:10     | Killed a two-headed ogre
 10841 | D:10     | Reached XP level 12. HP: 42/77 MP: 16/22
 11002 | D:10     | Learned a level 6 spell: Bombard
 11129 | D:10     | Reached skill level 10 in Conjurations
 11131 | D:10     | Reached skill level 10 in Fighting
 11500 | Lair:1   | Entered Level 1 of the Lair of Beasts
 11537 | Lair:1   | Offered knowledge of Momentum Strike by Vehumet.
 11549 | Lair:1   | Reached ** piety under Vehumet
 12790 | Lair:2   | Noticed an eight-headed hydra
 12790 | Lair:2   | Noticed a skyshark
 12795 | Lair:2   | Killed a skyshark
 12798 | Lair:2   | Killed an eight-headed hydra
 12937 | Lair:2   | Reached skill level 11 in Fighting
 12939 | Lair:2   | Offered knowledge of Hailstorm by Vehumet.
 13317 | Lair:2   | Reached *** piety under Vehumet
 13474 | Lair:2   | Noticed Gastronok
 13482 | Lair:2   | Killed Gastronok
 13483 | Lair:2   | Reached XP level 13. HP: 84/84 MP: 0/23
 14017 | Lair:3   | Offered knowledge of Iskenderun's Mystic Blast by Vehumet.
 14120 | Lair:3   | Reached skill level 12 in Fighting
 14369 | Lair:3   | Identified a scroll of acquirement
 14369 | Lair:3   | Acquired 1245 gold pieces
 14443 | Lair:3   | Found an ancient bone altar of Kikubaaqudgha.
 15037 | Lair:3   | Found a staircase to the Shoals.
 15186 | Lair:3   | Found a staircase to the Snake Pit.
 15805 | Lair:4   | Reached **** piety under Vehumet
 16240 | Lair:4   | Found a runed translucent gate.
 16241 | Lair:4   | Found a runed translucent gate.
 16241 | Lair:4   | Found a runed translucent gate.
 16242 | Lair:4   | Noticed schaIuck's ghost (journeyman GrEE)
 16243 | Lair:4   | Noticed CrazyBamboolord's ghost (journeyman TrSh)
 16382 | Lair:4   | Offered knowledge of Freezing Cloud by Vehumet.
 16389 | Lair:4   | Learned a level 5 spell: Freezing Cloud
 16675 | Lair:4   | Reached skill level 13 in Fighting
 16740 | Lair:4   | Reached skill level 1 in Ice Magic
 16807 | Lair:4   | Reached skill level 1 in Air Magic
 16812 | Lair:4   | Reached skill level 15 in Earth Magic
 16813 | Lair:4   | Gained mutation: Your large and strong wings let you fly.
                  | [Gargoyle growth]
 16813 | Lair:4   | Reached XP level 14. HP: 42/94 MP: 24/24
 17290 | Lair:4   | Noticed Urug
 17296 | Lair:4   | Killed Urug
 17651 | Lair:5   | Entered Level 5 of the Lair of Beasts
 18225 | Lair:5   | Found a staircase to the Slime Pits.
 18225 | Lair:5   | Found a viscous altar of Jiyva.
 18488 | Lair:5   | Identified the +4 falchion of the Skies Above {flame, rC+
                  | Int+4 Stlth+}
 18510 | Lair:5   | Reached skill level 14 in Fighting
 19014 | Lair:5   | Noticed Josephine
 19028 | Lair:5   | Reached ***** piety under Vehumet
 19358 | Lair:5   | Offered knowledge of Starburst by Vehumet.
 19359 | Lair:5   | Reached skill level 15 in Fighting
 19801 | Lair:5   | Killed Josephine
 20488 | Lair:5   | Reached skill level 16 in Fighting
 21142 | Lair:4   | Noticed a dire elephant
 21150 | Lair:4   | Killed a dire elephant
 21538 | D:11     | Found a gate leading to a gauntlet.
 21556 | Gauntlet | Entered a Gauntlet
 21556 | Gauntlet | Found a transporter.
 21565 | Gauntlet | Found a transporter.
 21583 | Gauntlet | Found a transporter.
 21586 | Gauntlet | Found a transporter.
 21610 | Gauntlet | Found a transporter.
 21617 | Gauntlet | Found a runed translucent door.
 21622 | Gauntlet | Found a transporter.
 21632 | Gauntlet | Found a transporter.
 21633 | Gauntlet | Found a transporter.
 21656 | Gauntlet | Found a large runed translucent door.
 21656 | Gauntlet | Found a large runed translucent door.
 21657 | Gauntlet | Found a large runed translucent door.
 21658 | Gauntlet | Found a large runed translucent door.
 21659 | Gauntlet | Found a runed translucent gate.
 21660 | Gauntlet | Found a transporter.
 21660 | Gauntlet | Found a runed translucent gate.
 21661 | Gauntlet | Found a runed translucent gate.
 21663 | Gauntlet | Found a large runed translucent door.
 21664 | Gauntlet | Found a large runed translucent door.
 21675 | Gauntlet | Found a large runed translucent door.
 21676 | Gauntlet | Found a large runed translucent door.
 21677 | Gauntlet | Found a large runed translucent door.
 21677 | Gauntlet | Found a large runed translucent door.
 21677 | Gauntlet | Found a runed translucent door.
 21678 | Gauntlet | Found a large runed translucent door.
 21679 | Gauntlet | Found a large runed translucent door.
 21689 | Gauntlet | Found a transporter.
 21689 | Gauntlet | Found a transporter.
 21694 | Gauntlet | Found a transporter.
 21722 | Gauntlet | Found a large runed translucent door.
 21723 | Gauntlet | Found a large runed translucent door.
 21724 | Gauntlet | Found a large runed translucent door.
 21724 | Gauntlet | Found a runed translucent door.
 21725 | Gauntlet | Found a large runed translucent door.
 21771 | Gauntlet | Reached XP level 15. HP: 92/105 MP: 25/25
 21805 | Gauntlet | Identified the ring of Wozet {rF+ rN+ Str+6}
 22198 | Gauntlet | Identified the +5 scale mail of Articulation {rC+}
 22274 | D:11     | Reached skill level 17 in Fighting
 22461 | D:11     | Offered knowledge of Fireball by Vehumet.
 22476 | D:11     | Learned a level 5 spell: Fireball
 23077 | D:11     | Reached skill level 1 in Fire Magic
 23890 | D:12     | Reached skill level 5 in Armour
 24187 | D:12     | Slain by a very large slime creature

Illustrated notes

Levels and vault maps discovered:
D:1:      scummos_arrival_checkerplants, layout_rooms, serial_forest,
          infiniplex_forest_clump_large, infiniplex_forest_lined_3,
          infiniplex_forest_clump_small, infiniplex_forest_join,
          infiniplex_forest_straight_2, infiniplex_forest_straight_1,
          infiniplex_forest_lined_corner
D:2:      layout_basic, hangedman_abyss_or_decor_stabs,
          minmay_misc_feat_encased, uniq_jessica
D:3:      layout_basic, gammafunk_temple_overflow_elements,
          dreamdust_ecumenical_altar_grove, kennysheep_pointless_box
D:4:      layout_basic, mainiacjoe_overflow_catwalk,
          mainiacjoe_overflow_six_doors_small, gammafunk_ghost_icy
D:5:      layout_basic, fedhas_bush_and_centaur_altar, old_standard_altar,
          serial_shops, nicolae_shop_rolled_up, nicolae_shop_tiny_waterfront,
          grunt_decor_cap, uniq_sigmund
D:6:      layout_cave_pods, mainiacjoe_overflow_cross_hatched,
          nicolae_ru_awakened_eye, kennysheep_generic_room_14
D:7:      layout_gridville, mainiacjoe_overflow_alcove_1,
          minmay_temple_entry_antechambers, grunt_tough_drop, uniq_joseph
D:8:      layout_basic, mainiacjoe_overflow_alcove_4,
          due_lair_maze_entry_diamond, serial_co_window_serial,
          co_window_paths_a, co_window_corner_a, co_window_paths_a,
          co_window_of_opportunity_a, co_window_corner_a, co_window_cross_3,
          co_window_corner_ca, co_window_broadway_b, co_window_broadway_a,
          co_window_corner_cb, co_window_paths_d, glass_columns_a,
          glass_columns_c, glass_columns_a
D:9:      layout_basic, mainiacjoe_overflow_catwalk_spiral, kennysheep_mini_moat
D:10:     layout_roguey, serial_undead, serial_undead_c, serial_undead_c,
          serial_undead_a, serial_undead_f, serial_undead_a, serial_undead_a
D:11:     layout_stronghold, gauntlet_entry_generic,
          corexii_mini_fake_secret_closet, nicolae_fort_ynox
D:12:     layout_rooms, erik_orc_1, minmay_misc_feat_doors
Temple:   jpeg_temple_island
Lair:1:   layout_hall_layers, roderic_batcave, serial_bayou_ford_a,
          minivault_23, grunt_megastairs_2, lemuel_fruit_fields
Lair:2:   layout_cave_shapes, uniq_gastronok
Lair:3:   layout_gridlike, minmay_shoals_entry_lonely_mermaid, basic_altar,
          chequers_serial_rivers_micro_d, kennysheep_basilisk_garden
Lair:4:   beast_lair_carwin_large_1, layout_concentric_octagons,
          gammafunk_ghost_cemetery, uniq_urug
Lair:5:   minmay_lair_end_enchanted_forest, layout_small_grid,
          minmay_slime_entry_pillars, grunt_megastairs_1, uniq_josephine

Skill      XL: |  1  2  3  4  5  6  7  8  9 10 11 12 13 14 15 |
---------------+----------------------------------------------+-----
Transmutations | 1 |  1.0
Earth Magic    | 4 5 6 7 8 10 11 13 15 | 15.1
Spellcasting   | 3 4 5 7 |  7.0
Fighting       | 1 2 3 4 6 8 9 11 13 16 17 | 17.2
Conjurations   | 1 2 3 4 6 7 9 11 13 | 13.0
Armour         | 1 3 4 5 |  5.1
Dodging        | 2 3 4 5 |  5.2
Shields        | 3 4 |  4.0
Ice Magic      | 2 4 |  4.0
Air Magic      | 1 4 |  4.0
Fire Magic     | 2 |  2.1
Stealth        | |  2.1

Action                     |  1- 3 |  4- 6 |  7- 9 | 10-12 | 13-15 || total
---------------------------+-------+-------+-------+-------+-------++-------
  Melee: Unarmed           |    28 |     1 |     1 |       |       ||    30
         Hand axe          |       |       |       |    12 |     4 ||    16
         Falchion          |       |       |       |       |    39 ||    39
   Cast: Sandblast         |    41 |    53 |     3 |   253 |    91 ||   441
         Stone Arrow       |       |     3 |    96 |   117 |   524 ||   740
         Bombard           |       |       |       |    14 |    10 ||    24
         Freezing Cloud    |       |       |       |       |    13 ||    13
    Use: Scroll            |       |    12 |       |     2 |     7 ||    21
         Potion            |       |       |       |     1 |       ||     1
 Armour: Robe              |    33 |     4 |       |       |       ||    37
         Leather armour    |       |     2 |    35 |   427 |   333 ||   797
         Scale mail        |       |       |       |       |   140 ||   140
  Dodge: Dodged            |    47 |     4 |    15 |   286 |   286 ||   638
  Block: Buckler           |       |       |     4 |   109 |    97 ||   210

Table legend: (Time is in decaauts)
 A = Elapsed time spent in this place.
 B = Non-inter-level travel time spent in this place.
 C = Inter-level travel time spent in this place.
 D = Time resting spent in this place.
 E = Time spent auto-exploring this place.
 F = Levels seen in this place.
 G = Mean time per level.
                   A        B        C        D        E       F      G
               +--------+--------+--------+--------+--------+-----+--------+
         Total |  25659 |  24624 |   1035 |   1123 |  20235 |  19 | 1350.5 |
       Dungeon |  15035 |  14406 |    629 |    378 |  12225 |  12 | 1252.9 |
        Temple |      1 |      1 |      0 |      0 |      0 |   1 |    1.0 |
          Lair |   9936 |   9531 |    405 |    745 |   7514 |   5 | 1987.2 |
      Gauntlet |    686 |    686 |      0 |      0 |    495 |   1 |  686.0 |
               +--------+--------+--------+--------+--------+-----+--------+

Top non-repeatable levels by time:
  Lair:5: 3091 daAuts
  Lair:4: 2556 daAuts
     D:8: 1901 daAuts
  Lair:3: 1860 daAuts
    D:10: 1646 daAuts
    D:11: 1608 daAuts
     D:7: 1581 daAuts
     D:9: 1474 daAuts
  Lair:2: 1472 daAuts
     D:6: 1377 daAuts
     D:2: 1256 daAuts
     D:5: 1054 daAuts
     D:4: 1012 daAuts
  Lair:1: 955 daAuts
     D:1: 833 daAuts
